 Dungeon Crawl Stone Soup version 0.21.1-1-g345015fe64 (webtiles) character file.

28 RaHiT the Skirmisher (level 3, -2/29 HPs)
             Began as a Demonspawn Chaos Knight on Mar 26, 2018.
             Slain by a worm (11 damage)
             ... on level 2 of the Dungeon.
             The game lasted 00:03:17 (830 turns).

RaHiT the Skirmisher (Demonspawn Chaos Knight)       Turns: 830, Time: 00:03:17

Health: -2/29      AC:  5    Str: 11    XL:     3   Next: 0%
Magic:  3/3        EV: 11    Int: 13    God:    Xom [..*...]
Gold:   92         SH:  0    Dex: 12    Spells: 2/2 levels left

rFire    . . .     SeeInvis .   a - +0 falchion (chaos)
rCold    + . .     Gourm    .   (no shield)
rNeg     . . .     Faith    .   b - +2 leather armour
rPois    .         Spirit   .   (no helmet)
rElec    .         Reflect  .   (no cloak)
rCorr    .         Harm     .   (no gloves)
MR       .....                  (no boots)
Stlth    +.........             (no amulet)
HPRegen  0.09/turn              g - ring of protection from cold
MPRegen  0.08/turn              j - -2 ring of strength (curse)

@: no status effects
A: talons 1
a: Renounce Religion


You were on level 2 of the Dungeon.
You worshipped Xom.
You were a toy of Xom.
You were not hungry.

You visited 1 branch of the dungeon, and saw 2 of its levels.

You collected 92 gold pieces.

Inventory:

Hand Weapons
 a - a +0 falchion of chaos (weapon)
Missiles
 d - 23 stones (quivered)
 n - a throwing net
Armour
 b - a +2 leather armour (worn)
Jewellery
 g - a ring of protection from cold (left hand)
 j - a cursed -2 ring of strength (right hand)
 p - a +2 ring of strength
 r - an uncursed ring of stealth {unknown}
Scrolls
 f - 2 scrolls of amnesia {unknown}
 h - a scroll of magic mapping {unknown}
 i - a scroll of fog {unknown}
 o - a scroll of remove curse {unknown}
 q - a scroll of enchant armour {unknown}
 s - a scroll of identify {unknown}
Potions
 e - a potion of degeneration {unknown}
 k - a potion of berserk rage {unknown}
 m - a potion of ambrosia {unknown}
Comestibles
 c - 3 rations
 l - a chunk of flesh


   Skills:
 - Level 3.0 Fighting
 + Level 3.0 Long Blades
 + Level 1.1 Throwing
 - Level 2.0 Armour
 + Level 1.5 Dodging


You had 2 spell levels left.
You didn't know any spells.

Dungeon Overview and Level Annotations

Branches:
Dungeon (2/15)

Altars:


Innate Abilities, Weirdness & Mutations

You have sharp toenails.


Message History

The worm is lightly wounded.
The worm bites you.
You hit the worm.
The worm is poisoned.
The worm is lightly wounded.
The worm bites you.
You barely miss the worm.
The worm is lightly wounded.
The worm bites you!
You hit the worm.
Nothing appears to happen.
You claw the worm, but do no damage.
The worm is heavily wounded.
The worm closely misses you.
You hit the worm but do no damage.
The worm is moderately wounded.
Xom grants you insight.
You feel aware of your surroundings. The worm bites you.
You hit the worm but do no damage. You claw the worm, but do no damage.
The worm is heavily wounded.
The worm bites you!
You die...

#. #.# ** #. #.
#.#*###### ###
#.##.##..,..... ..#
#.......###..#** #.# *
......#.#..# #.#
*#.#.......# #.#### *
#.........# #..... *
*#.......#####...#. *,
* #@##.##.......#.#.
#..((w.#############.##
######## #..# ##.. #.#
#.. #.# #.. ###


You could see a worm.

Vanquished Creatures
  A worm (D:2)
  2 giant cockroaches (D:1)
  5 goblins
  2 hobgoblins (D:1)
  5 bats
  5 frilled lizards
  4 kobolds
  3 rats
27 creatures vanquished.

Notes
Turn   | Place    | Note
-------+----------+-------------------------------------------
     0 | D:1      | RaHiT the Demonspawn Chaos Knight began the quest for the Orb.
     0 | D:1      | Reached XP level 1. HP: 18/18 MP: 1/1
    52 | D:1      | Reached skill level 1 in Dodging
   239 | D:1      | Gained mutation: You have sharp toenails. [demonic ancestry]
   239 | D:1      | Reached XP level 2. HP: 23/24 MP: 2/2
   325 | D:1      | XOM: divination: detect creatures
   566 | D:1      | Reached skill level 1 in Throwing
   788 | D:2      | Reached XP level 3. HP: 24/29 MP: 3/3
   829 | D:2      | XOM: divination: magic mapping
   830 | D:2      | Slain by a worm

Skill      XL: |  1  2 |
---------------+-------+-----
Dodging        | 1 |  1.5
Armour         | 2 |  2.0
Long Blades    | 3 |  3.0
Throwing       | 1 |  1.1
Fighting       | |  3.0

Action                   || total
-------------------------++-------
Melee: Falchion          ||    60
       Kick              ||    11
Throw: Stone             ||     4
Armor: Leather armour    ||    20
Dodge: Dodged            ||    29
       Rpst.: Falchion   ||     9
